Map: Odyssey LE

Players

Rogue - Winner!

  • Race: Zerg Zerg
  • Spawn Location: 5:00

ByuN

  • Race: Terran Terran
  • Spawn Location: 11:00

VOD

Have the link to the VOD?

Description

Time

  • Played on: July 29, 2017, 11:03 p.m.
  • Length: 6:41
Show
View Real Time Build Order
Export as new Build Order

Rogue Zerg - Winner!

Build Orders: Pool First 

Get SALT Encoding   

  12  0:00  Drone  
  13  0:12  Overlord  
  13  0:16  Drone  
  14  0:31  Drone x2  
  14  0:34  Drone  
  17  0:44  Extractor  
  17  0:46  Drone  
  17  0:50  Spawning Pool  
  17  0:56  Drone  
  17  1:06  Drone  
  18  1:17  Hatchery  
  17  1:21  Drone  
  18  1:37  Queen, Zergling x2  
  21  1:43  Metabolic Boost  
  21  1:49  Overlord  
  22  1:54  Drone  
  22  2:08  Drone  
  23  2:12  Queen, Drone  
  26  2:22  Drone  
  27  2:32  Overlord  
  27  2:33  Queen  
  27  2:34  Zergling x2  
  30  2:45  Zergling x8  
  30  2:46  Zergling x2  
  35  2:53  Zergling x2  
  36  3:00  Zergling x2  
  36  3:02  Drone  
  38  3:07  Overlord  
  38  3:13  Drone  
  39  3:20  Drone  
  39  3:22  Drone x3  
  43  3:28  Drone  
  43  3:33  Drone  
  43  3:34  Drone  
  46  3:41  Overlord  
  46  3:43  Drone x3  
  49  3:51  Zergling x2  
  49  3:55  Roach Warren, Overlord  
  49  3:57  Zergling x4  
  51  4:05  Drone  
  52  4:10  Hatchery  
  52  4:13  Extractor x2  
  49  4:18  Drone x4  
  49  4:24  Drone x2  
  55  4:26  Overlord  
  55  4:33  Overlord  
  55  4:43  Overlord  
  55  4:47  Roach x4  
  63  4:53  Roach x2  
  63  4:55  Roach  
  69  5:01  Roach x2  
  69  5:03  Roach  
  75  5:09  Roach  
  77  5:14  Roach x2  
  77  5:18  Roach  
  83  5:23  Overlord  
  83  5:25  Ravager x3  
  83  5:26  Ravager x3  
  89  5:32  Ravager  
  90  5:37  Overlord x2  
  90  5:44  Zergling x12  
  90  5:46  Ravager  
  97  5:56  Zergling x12  
  103  6:01  Ravager x2  
  105  6:04  Zergling x4  
  105  6:06  Overlord  
  105  6:11  Zergling x6  
  107  6:20  Ravager x2  
  107  6:22  Zergling x2  
Show
View Real Time Build Order
Export as new Build Order

ByuN Terran 

Build Orders:  

Get SALT Encoding   

  12  0:00  SCV  
  13  0:12  SCV  
  14  0:17  Supply Depot  
  14  0:24  SCV  
  15  0:39  SCV  
  15  0:40  Barracks  
  16  0:44  Refinery  
  16  0:51  SCV  
  17  0:59  Barracks  
  17  1:03  SCV  
  18  1:15  SCV  
  19  1:27  Orbital Command, Reaper  
  20  1:46  Reaper  
  21  1:48  Supply Depot  
  21  1:54  SCV  
  22  2:02  Reaper  
  23  2:09  Command Center  
  23  2:11  SCV  
  24  2:16  Refinery  
  24  2:21  Reaper  
  25  2:24  SCV  
  26  2:36  SCV  
  27  2:40  Reaper  
  28  2:49  SCV  
  29  2:59  Factory  
  29  3:01  SCV  
  30  3:06  Supply Depot  
  30  3:13  SCV  
  31  3:21  Reaper  
  31  3:22  Orbital Command  
  31  3:23  Refinery, Reaper  
  31  3:25  SCV  
  34  3:37  SCV  
  35  3:43  Starport  
  35  3:45  Factory Reactor, Supply Depot  
  36  3:48  SCV  
  36  3:49  SCV  
  36  3:53  Reaper  
  38  3:58  Marine  
  38  4:00  SCV  
  38  4:01  SCV  
  41  4:08  Supply Depot  
  41  4:13  SCV x2  
  43  4:18  Marine  
  44  4:25  SCV x2, Marine  
  44  4:28  Factory Reactor, Medivac  
  51  4:32  Liberator  
  51  4:38  Marine, Supply Depot  
  51  4:40  Command Center  
  51  4:41  SCV x2  
  51  4:43  Marine  
  55  4:52  Supply Depot  
  56  4:53  SCV x2  
  56  4:58  Barracks Reactor  
  58  5:02  Barracks Tech Lab  
  58  5:05  SCV x2  
  60  5:08  Engineering Bay  
  60  5:10  Medivac  
  60  5:11  Engineering Bay, Widow Mine  
  64  5:14  Widow Mine  
  64  5:19  SCV x2  
  64  5:21  Marine  
  69  5:31  Supply Depot  
  69  5:34  Refinery  
  69  5:36  Marine  
  69  5:37  Liberator x2, Marine  
  69  5:39  Marine, Bunker  
  69  5:42  Bunker  
  72  5:53  SCV x2  
  82  6:02  Orbital Command  
  83  6:05  SCV x2  
  78  6:20  Barracks  
  78  6:23  Barracks  
  78  6:24  Barracks  
  78  6:25  SCV, Barracks  
  78  6:26  Barracks  
  78  6:31  Factory Tech Lab  
Tags
 
Add a new tag
Caveats
  • Supply blocks, unpowered buildings, or Contaminate may cause inaccurate times.
  • Supply counts are checked every 10 seconds.